 Dungeon Crawl Stone Soup version 0.24.1-11-gbbbb2193e6 (webtiles) character file.

Game seed: 16190322582372500305, levelgen mode: deterministic

69 Peloso the Shield-Bearer (level 4, 35/35 HPs)
             Began as a Demonspawn Fighter on May 12, 2020.
             Got out of the dungeon alive.
             The game lasted 00:02:13 (1174 turns).

Peloso the Shield-Bearer (Demonspawn Fighter)       Turns: 1174, Time: 00:02:14

Health: 35/35      AC:  7    Str: 15 (17) XL:     4   Next: 2%
Magic:  4/4        EV:  7    Int:  9 (10) God:
Gold:   122        SH:  9    Dex: 12      Spells: 3/3 levels left

rFire    x . .     SeeInvis .   a - +0 long sword
rCold    + . .     Gourm    .   c - +0 shield
rNeg     . . .     Faith    .   g - +0 scale mail
rPois    .         Spirit   .   (helmet restricted)
rElec    .         Reflect  .   u - +0 cloak
rCorr    .         Harm     .   (no gloves)
MR       .....                  (no boots)
Stlth    +.........             e - amulet of regeneration
HPRegen  0.51/turn              j - ring of ice
MPRegen  0.09/turn              (no ring)

@: no status effects
A: antennae 1, nightstalker 1
a: no special abilities


You escaped.
You were not hungry.

You visited 1 branch of the dungeon, and saw 3 of its levels.

You collected 122 gold pieces.

Inventory:

Hand Weapons
 a - a +0 long sword (weapon)
 b - a +0 hand axe of electrocution
Armour
 c - a +0 shield (worn)
 g - a +0 scale mail (worn)
 u - a +0 cloak (worn)
Jewellery
 e - an amulet of regeneration (around neck)
 j - a ring of ice (left hand)
Scrolls
 h - 2 scrolls of identify {unknown}
 l - a scroll of random uselessness {unknown}
 m - a scroll of amnesia {unknown}
 o - a scroll of magic mapping {unknown}
 p - a scroll of enchant armour {unknown}
 q - a scroll of immolation {unknown}
Potions
 d - a potion of might
 i - 2 potions of curing {unknown}
 k - a potion of agility {unknown}
 n - 2 potions of flight {unknown}
 r - a potion of berserk rage {unknown}
 s - a potion of magic {unknown}
Comestibles
 f - 5 rations
 t - 3 chunks of flesh


   Skills:
 + Level 3.2 Fighting
 + Level 2.4 Long Blades
 + Level 3.1 Armour
 + Level 0.4 Dodging
 + Level 3.4 Shields


You had 3 spell levels left.
You didn't know any spells.
Your spell library was empty.

Dungeon Overview and Level Annotations

Branches:
Dungeon (3/15)

Altars:


Innate Abilities, Weirdness & Mutations

You have a pair of small antennae on your head.
You are slightly more attuned to the shadows.


Message History

You have reached level 4!
You feel clever.
You feel monstrous as your demonic heritage exerts itself.
Your demonic ancestry asserts itself...
A pair of antennae grows on your head!
(D) Dungeon
Where to? (Enter - D:12, ? - help)
What level of the Dungeon? (default 1, ? - help)
There is a stone staircase leading up here.
You climb upwards.
There is a stone staircase leading down here.
You see here a war axe.
There is a stone staircase leading up here.
You climb upwards.
There is a stone staircase leading down here.
Things that are here:
a +0 club; a goblin skeleton
There is a staircase leading out of the dungeon here.
Are you sure you want to leave the Dungeon?
This will make you lose the game!
You have escaped!

............#...#...#.......#
......)..#...#..#..#...#....#
......†...#..#..#..#..#.....#
#...#......#..#.#.#..#......#
........#...#.#.#.#.#...#...#
.........##..#.#.#.#..##....#
...........##.#...#.##......##
....#........#.....#.........##
)......######...@.(.######....#
...##........#...).#..).....###
...###.....##.#...#.##......#
.#.# #...##..#.#.#.#..##....#
...###..#...#.#.#.#.#...#...#
....##.....#..#.#.#..#......#
..........#..#..#..#..#.....#
.#.##....#...#..#..#...#..#.####
...###......#...#...#..........#


There were no monsters in sight!

Vanquished Creatures
  Crazy Yiuf (D:2)
  An adder (D:2)
  An ooze (D:3)
  A dart slug (D:1)
  2 leopard geckos
  A ball python (D:1)
  A bat (D:3)
  A giant cockroach (D:1)
  4 goblins
  3 hobgoblins
  3 frilled lizards
  4 kobolds (D:1)
  3 rats
  A fungus (D:2)
27 creatures vanquished.

Notes
Turn   | Place    | Note
-------+----------+-------------------------------------------
     0 | D:1      | Peloso the Demonspawn Fighter began the quest for the Orb.
     0 | D:1      | Reached XP level 1. HP: 18/18 MP: 1/1
   253 | D:1      | Gained mutation: You are slightly more attuned to the
                  | shadows. [demonic ancestry]
   253 | D:1      | Reached XP level 2. HP: 24/24 MP: 2/2
   567 | D:2      | Reached XP level 3. HP: 25/29 MP: 3/3
  1006 | D:2      | Found a runed translucent door.
  1007 | D:2      | Noticed Crazy Yiuf
  1014 | D:2      | Killed Crazy Yiuf
  1102 | D:3      | Gained mutation: You have a pair of small antennae on your
                  | head. [demonic ancestry]
  1102 | D:3      | Reached XP level 4. HP: 35/35 MP: 4/4
  1174 | D:$      | Got out of the dungeon alive.

Levels and vault maps discovered:
D:1:      minmay_arrival_radiant_lines, layout_rooms
D:2:      layout_loops_ring, uniq_crazy_yiuf_cottage
D:3:      layout_loops_ring, lemuel_zombie_altar_kikubaaqudgha,
          gammafunk_temple_overflow_arena, minmay_box_of_dots

Skill      XL: |  1  2  3 |
---------------+----------+-----
Shields        | 3 |  3.4
Long Blades    | 2 |  2.4
Armour         | 3 |  3.1
Fighting       | |  3.2
Dodging        | |  0.4

Action                   |  1- 3 |  4- 6 || total
-------------------------+-------+-------++-------
Melee: Long sword        |   105 |       ||   105
  Use: Potion            |     1 |       ||     1
  Eat: Chunk             |     1 |       ||     1
Armor: Scale mail        |    46 |       ||    46
Dodge: Dodged            |    38 |       ||    38
Block: Shield            |    48 |       ||    48
       Rpst.: Long sword |    15 |       ||    15
